 Dungeon Crawl Stone Soup version 0.21-a0-358-g8928369 (webtiles) character file.

98 Dfrag the Firebug (level 4, -1/30 HPs)
             Began as a Demonspawn Fire Elementalist on Oct 13, 2017.
             Killed by nerve-wracking pain
             ... invoked by an orc priest
              (12 damage)
             ... on level 3 of the Dungeon.
             The game lasted 00:02:53 (1802 turns).

Dfrag the Firebug (Demonspawn Fire Elementalist)    Turns: 1802, Time: 00:02:54

Health: -1/30      AC:  3    Str:  8    XL:     4   Next: 43%
Magic:  1/17       EV: 12    Int: 17    God:
Gold:   159        SH:  0    Dex: 14    Spells: 1/9 levels left

rFire    . . .     SeeInvis .   t - +1 short sword (freeze)
rCold    . . .     Gourm    .   (no shield)
rNeg     . . .     Faith    .   a - +0 robe
rPois    +         Spirit   .   (no helmet)
rElec    .         Reflect  .   (no cloak)
rCorr    .         Harm     .   l - +0 pair of gloves
MR       .....                  (no boots)
Stlth    ++........             (no amulet)
HPRegen  0.10/turn              f - ring of poison resistance
MPRegen  0.15/turn              o - ring of magical power

@: no status effects
A: talons 1
a: no special abilities


You were on level 3 of the Dungeon.
You were not hungry.

You visited 1 branch of the dungeon, and saw 3 of its levels.

You collected 159 gold pieces.

Inventory:

Hand Weapons
 t - a +1 short sword of freezing (weapon)
Missiles
 i - 6 javelins (quivered)
Armour
 a - a +0 robe (worn)
 l - a +0 pair of gloves (worn)
Jewellery
 f - a ring of poison resistance (left hand)
 o - a ring of magical power (right hand)
Scrolls
 d - 3 scrolls of identify {unknown}
 e - 2 scrolls of remove curse {unknown}
 h - a scroll of fog {unknown}
 m - a scroll of amnesia {unknown}
 p - a scroll of noise {unknown}
 s - a scroll of magic mapping {unknown}
Potions
 g - 2 potions of curing {unknown}
 j - a potion of might
 k - a potion of flight {unknown}
 n - a potion of brilliance {unknown}
Books
 b - a book of Flames

   Spells                             Type                      Level
   a - Flame Tongue                   Conjuration/Fire             1
   b - Throw Flame                    Conjuration/Fire             2
   c - Conjure Flame                  Conjuration/Fire             3
   d - Inner Flame                    Hexes/Fire                   3
   e - Sticky Flame                   Conjuration/Fire             4
   f - Fireball                       Conjuration/Fire             5
Comestibles
 c - 3 bread rations
 q - 14 fruits
 r - a royal jelly
 u - a chunk of flesh


   Skills:
 - Level 1.7 Dodging
 - Level 1.7 Stealth
 + Level 3.0 Spellcasting
 + Level 2.5 Conjurations
 + Level 3.5 Fire Magic


You had one spell level left.
You knew the following spells:

 Your Spells              Type           Power        Failure   Level  Hunger
a - Flame Tongue          Conj/Fire      ##...        4%          1    None
b - Conjure Flame         Conj/Fire      ##......     16%         3    ###....
c - Sticky Flame          Conj/Fire      ##......     45%         4    ####...


Dungeon Overview and Level Annotations

Branches:
Dungeon (3/15)

Altars:


Innate Abilities, Weirdness & Mutations

You have sharp toenails.


Message History

Press: ? - help, Shift-Dir - straight line, f - jackal
Aim: a jackal The flame tongue hits the jackal.
You kill the jackal!
Casting: Flame Tongue
Confirm with . or Enter, or press ? or * to list all spells.
Aiming: Flame Tongue
Press: ? - help, Shift-Dir - straight line, f - orc priest
Aim: an orc priest, wearing a ring mail The flame tongue hits the orc priest.
The orc priest appears unharmed.
Casting: Flame Tongue
Confirm with . or Enter, or press ? or * to list all spells.
Aiming: Flame Tongue
Press: ? - help, Shift-Dir - straight line, f/p - orc priest
Aim: an orc priest, wearing a ring mail The flame tongue hits the orc priest.
The orc priest is moderately wounded.
The orc priest mumbles some strange prayers to Beogh against you.
Pain shoots through your body!
You die...

#############################
................@†o...)†.....
........#####################
......).....................#
#######.###################.##
#.# #..# #.# ##.## #+# #..#
#########'### #...........#


You could see an orc priest.

Vanquished Creatures
  2 adders
  An ooze (D:3)
  3 worms
  A dart slug (D:2)
  2 leopard geckos
  6 orcs (D:3)
  8 goblins
  5 hobgoblins
  3 jackals (D:3)
  A quokka (D:2)
  8 bats
  5 frilled lizards
  6 kobolds
  5 rats
56 creatures vanquished.

Notes
Turn   | Place    | Note
-------+----------+-------------------------------------------
     0 | D:1      | Dfrag the Demonspawn Fire Elementalist began the quest for the Orb.
     0 | D:1      | Reached XP level 1. HP: 13/13 MP: 3/3
   140 | D:1      | Gained mutation: You have sharp toenails. [demonic ancestry]
   140 | D:1      | Reached XP level 2. HP: 2/19 MP: 0/5
   691 | D:2      | Reached XP level 3. HP: 24/24 MP: 3/6
  1313 | D:3      | Reached XP level 4. HP: 26/30 MP: 3/8
  1491 | D:3      | Learned a level 3 spell: Conjure Flame
  1515 | D:3      | Learned a level 4 spell: Sticky Flame
  1802 | D:3      | Killed from afar by an orc priest

Vault maps used:
D:1:      lemuel_arrival_room
D:2:      minmay_misc_feat_roman
D:3:      bh_chokoban, minmay_misc_feat_nine_boxes

Skill      XL: |  1  2  3  4 |
---------------+-------------+-----
Fire Magic     | 3 |  3.5
Conjurations   | 2 |  2.5
Spellcasting   | 3 |  3.0
Dodging        | |  1.7
Stealth        | |  1.7

Action                   |  1- 3 |  4- 6 || total
-------------------------+-------+-------++-------
Melee: Unarmed           |    18 |     3 ||    21
       Kick              |     2 |     2 ||     4
       Short sword       |       |     2 ||     2
Throw: Javelin           |     2 |       ||     2
 Cast: Flame Tongue      |    63 |    35 ||    98
  Eat: Chunk             |     2 |     1 ||     3
Armor: Robe              |    10 |     2 ||    12
Dodge: Dodged            |    40 |    12 ||    52

Table legend:
 A = Spawn XP
 B = Non-spawn XP
 C = Spawn XP percentage of total XP
 D = Spawn monster count
 E = Non-spawn monster count
 F = Spawn count percentage of total count
 G = Total turns spent on level
                    A         B        C        D         E        F      G
               +---------+---------+-------+---------+---------+-------+---------
         Total |       0 |     140 |   0.0 |       0 |      56 |   0.0 |  1802
               +---------+---------+-------+---------+---------+-------+---------
           D:1 |       0 |      37 |   0.0 |       0 |      18 |   0.0 |   654
           D:2 |       0 |      58 |   0.0 |       0 |      21 |   0.0 |   669
           D:3 |       0 |      45 |   0.0 |       0 |      17 |   0.0 |   479
               +---------+---------+-------+---------+---------+-------+---------
